 Dungeon Crawl Stone Soup version 0.26-a0-1139-g7d2dc893a1 (webtiles) character file.

Game seed: 6031143437811542410

46 dolemite99 the Insei (level 3, -3/26 HPs)
             Began as a Merfolk Transmuter on Dec 22, 2020.
             Shot with an arrow by a centaur (19 damage)
             ... on level 2 of the Dungeon.
             The game lasted 00:03:35 (1769 turns).

dolemite99 the Insei (Merfolk Transmuter)           Turns: 1769, Time: 00:03:36

Health: -3/26      AC:  2    Str: 10    XL:     3   Next: 68%
Magic:  6/6        EV: 13    Int: 13    God:
Gold:   94         SH:  0    Dex: 14    Spells: 2/6 levels left

rFire    . . .     SeeInvis .     - Unarmed
rCold    . . .     Faith    .   (no shield)
rNeg     . . .     Spirit   .   a - +0 robe
rPois    .         Reflect  .   (no helmet)
rElec    .         Harm     .   (no cloak)
rCorr    .         Rampage  .   (no gloves)
Will     +....                  (no boots)
Stlth    ..........             (no amulet)
HPRegen  0.08/turn              f - ring of willpower
MPRegen  0.10/turn              h - ring of attention (curse)

@: no status effects
A: change form in water, swift swim, stealthy swim
a: no special abilities


You were on level 2 of the Dungeon.
You visited 1 branch of the dungeon, and saw 2 of its levels.

You collected 94 gold pieces.

Inventory:

Missiles
 b - 6 boomerangs (quivered)
 d - 94 stones
Armour
 a - a +0 robe (worn)
Jewellery
 f - a ring of willpower (left hand)
 h - a cursed ring of attention (right hand)
 j - an uncursed ring of stealth {unknown}
Scrolls
 c - 2 scrolls of identify {@r1}
 i - a scroll of teleportation
Potions
 e - 2 potions of magic {unknown}
 g - a potion of brilliance
 k - a potion of ambrosia {unknown}


   Skills:
 - Level 1.2 Fighting
 - Level 2.8 Dodging
 - Level 3.8 Unarmed Combat
 - Level 2.0 Spellcasting
 - Level 3.6 Transmutations
 + Level 1.8 Poison Magic


You had 2 spell levels left.
You knew the following spells:

 Your Spells              Type           Power        Failure   Level
a - Beastly Appendage     Tmut           20%          6%          1
b - Spider Form           Tmut/Pois      4%           24%         3

Your spell library contained the following spells:

 Spells                   Type           Power        Failure   Level
 Wereblood                Tmut           10%          9%          2
 Ice Form                 Ice/Tmut       6%           77%         4
 Blade Hands              Tmut           5%           85%         5


Dungeon Overview and Level Annotations

Branches:
Dungeon (2/15)

Altars:
Nemelex Xobeh


Message History

The kobold closely misses you.
The centaur moves out of view.
You hit the kobold but do no damage. The kobold misses you.
You hit the kobold. Your punch misses the kobold.
The kobold is severely wounded.
The kobold barely misses you.
You hit the kobold.
You kill the kobold!
d - 94 stones (gained 12)
c - 2 scrolls of identify {@r1} (gained 1)
There are no items here.
The centaur shouts!
You see here a stone.
A centaur is nearby!
Your horns disappear.
The centaur hits you.
A centaur is nearby!
The centaur wields a +0 shortbow.
The centaur shoots an arrow.
The arrow hits you!!
Ouch! That really hurt!
You die...

. # ..##.## .K..#.
..r.## # #..####
...##.###....# .#
.)......c###.###..#
#.######(.##.....#
##.@(....## .#
##..##...... ...###
#.## ####.. (
#....##.# . ..
#....# #. ##..## #.
####..##### .
#.##.<........#
..###....########..#


You could see a centaur.

Vanquished Creatures
  A gnoll (D:1)
  An adder (D:2)
  An ooze (D:2)
  A dart slug (D:1)
  2 leopard geckos
  2 bats (D:1)
  A goblin (D:2)
  A hobgoblin (D:1)
  4 jackals (D:1)
  2 frilled lizards (D:1)
  A kobold (D:2)
  4 rats
21 creatures vanquished.

Notes
Turn   | Place    | Note
-------+----------+-------------------------------------------
     0 | D:1      | dolemite99 the Merfolk Transmuter began the quest for the
                  | Orb.
     0 | D:1      | Reached XP level 1. HP: 15/15 MP: 3/3
    46 | D:1      | Reached XP level 2. HP: 7/21 MP: 3/5
   868 | D:1      | Reached XP level 3. HP: 26/26 MP: 4/6
   881 | D:1      | Learned a level 3 spell: Spider Form
  1327 | D:2      | Found a sparkling altar of Nemelex Xobeh.
  1339 | D:2      | Reached skill level 1 in Poison Magic
  1761 | D:2      | Noticed a centaur
  1769 | D:2      | Shot with an arrow by a centaur

Illustrated notes

Levels and vault maps discovered:
D:1:      saegor_arrival_simple_a, layout_basic
D:2:      layout_rooms, nemelex_xobeh_ov_fountains_minmay

Skill      XL: |  1  2  3 |
---------------+----------+-----
Transmutations | 3 |  3.6
Poison Magic   | 1 |  1.8
Fighting       | |  1.2
Dodging        | |  2.8
Unarmed Combat | |  3.8
Spellcasting   | |  2.0

Action                   || total
-------------------------++-------
Melee: Unarmed           ||    61
       Headbutt          ||     9
Throw: Boomerang         ||     3
 Cast: Beastly Appendage ||    19
  Use: Scroll            ||     6
Armor: Robe              ||     7
Dodge: Dodged            ||    49

Table legend: (Time is in decaauts)
 A = Elapsed time spent in this place.
 B = Non-inter-level travel time spent in this place.
 C = Inter-level travel time spent in this place.
 D = Time resting spent in this place.
 E = Time spent auto-exploring this place.
 F = Levels seen in this place.
 G = Mean time per level.
                   A        B        C        D        E       F      G
               +--------+--------+--------+--------+--------+-----+--------+
         Total |   1764 |   1755 |      9 |    879 |    592 |   2 |  882.0 |
       Dungeon |   1764 |   1755 |      9 |    879 |    592 |   2 |  882.0 |
               +--------+--------+--------+--------+--------+-----+--------+

Top non-repeatable levels by time:
     D:1: 1322 daAuts
     D:2: 441 daAuts
